[Event "Late-Titled-Tuesday-Blitz-September-19-2023"]
[Site "Chess.com"]
[Date "2023.09.19"]
[Round "10"]
[White "Laico"]
[Black "Lady_Nika"]
[Result "1-0"]
[WhiteElo "2425"]
[BlackElo "2461"]
[TimeControl "180+1"]
[EndTime "15:53:54 PDT"]
[Termination "Laico won by checkmate"]

1. e4 c6 2. d4 d5 3. f3 dxe4 4. fxe4 e5 5. Nf3 exd4 6. Bc4 Be7 7.
O-O Nf6 8. Ng5 O-O 9. Nxf7 Rxf7 10.
Bxf7+ Kxf7 11. e5 d3 12. Qxd3 Qb6+ 13. Be3 Qxb2 14. Bd4 Qb5 15. c4 Qa5 16. exf6 Bxf6 17.
Bxf6 gxf6 18. Qxh7+ Ke6 19. Qg8+ Kd7 20. Rd1+ Ke7 21.
Qxc8 Qb6+ 22. Kh1 Qb2 23. Nd2 a5 24. Rab1 Qc2 25. Qxb7+ Nd7 26. Qxa8 Ne5 27. Qxa5 Nd3 28. Ne4 f5 29. Qxf5 Nc5 30. Qxc5+ Kf7 31. Qf5+ Kg8 32. Nf6+ Kg7 33. Qxc2 Kxf6 34. Rd6+ Ke5 35. Qd3 c5 36. Re1+ Kf4 37. Rf6+ Kg4 38. Qg6+ Kh4 39. Rf4# 1-0

[Event "Late-Titled-Tuesday-Blitz-September-19-2023"]
[Site "Chess.com"]
[Date "2023.09.19"]
[Round "10"]
[White "hansen"]
[Black "Mesa_1"]
[Result "1-0"]
[WhiteElo "2917"]
[BlackElo "2607"]
[TimeControl "180+1"]
[EndTime "15:53:58 PDT"]
[Termination "hansen won by resignation"]

1. e4 e6 2. d4 d5 3. Nc3 Nf6 4. Bg5 dxe4 5. Nxe4 Nbd7 6. Nf3 h6 7. Nxf6+ Nxf6 8.
Be3 Bd6 9. Bd3 b6 10. Ne5 Nd5 11. Bb5+ Kf8 12. O-O Nxe3 13. fxe3 Bxe5 14. dxe5 Bb7 15. Qh5 Qe7 16. Rad1 g6 17. Qxg6 Bxg2 18. Rf6 Bh3 19. Rd7 Bf5 20. Qh5 Rg8+ 21. Kf2 1-0

[Event "Late-Titled-Tuesday-Blitz-September-19-2023"]
[Site "Chess.com"]
[Date "2023.09.19"]
[Round "10"]
[White "Byniolus"]
[Black "Arteler"]
[Result "0-1"]
[WhiteElo "2773"]
[BlackElo "2590"]
[TimeControl "180+1"]
[EndTime "15:53:58 PDT"]
[Termination "Arteler won on time"]

1. d4 d5 2. Bf4 c5 3. c3 Nc6 4. e3 Nf6 5. Nd2 Bf5 6. Ngf3 e6 7. Qb3 Qb6 8. Nh4 c4 9. Qxb6 axb6 10. Nxf5 exf5 11.
a3 Kd7 12. Be2 Bd6 13. Bxd6 Kxd6 14. h3 b5 15. O-O-O g6 16. g4 Ne7 17. f3 Rae8 18.
Rde1 Nc8 19. Bd1 Kc7 20. gxf5 gxf5 21. a4 bxa4 22. Bxa4 Re6 23. e4 fxe4 24. fxe4 Nxe4 25. Nxe4 dxe4 26. Rhg1 Nd6 27. Bc2 Rg6 28. Kd2 f5 29.
Ke3 Kc6 30. Kf4 Kd5 31. Ra1 Ra8 32. Rxa8 Rxg1 33. Rc8 Rf1+ 34. Kg5 Nxc8 0-1

[Event "Late-Titled-Tuesday-Blitz-September-19-2023"]
[Site "Chess.com"]
[Date "2023.09.19"]
[Round "10"]
[White "MajorCoast"]
[Black "rikchessmx"]
[Result "0-1"]
[WhiteElo "2289"]
[BlackElo "2351"]
[TimeControl "180+1"]
[EndTime "15:53:58 PDT"]
[Termination "rikchessmx won by resignation"]

1. a4 g6 2. c3 Bg7 3. d4 b6 4.
Nf3 Bb7 5. Bg5 d6 6. e3 Nd7 7. Nbd2 Ngf6 8. Bc4 a6 9. O-O O-O 10. Re1 d5 11. Bf1 Ne4 12. Nxe4 dxe4 13. Nd2 f5 14. f3 h6 15. Bh4 g5 16. Bf2 e5 17. fxe4 f4 18.
exf4 exf4 19. e5 Qe7 20. Ne4 Rad8 21. h4 Nxe5 22. hxg5 hxg5 23. Bc4+ Nxc4 24. Qh5 Bxe4 25. Re2 Rde8 26. Rae1 Nd6 27. g3 Qf7 28. Qh3 Bf5 29. Qh2 Rxe2 0-1

[Event "Late-Titled-Tuesday-Blitz-September-19-2023"]
[Site "Chess.com"]
[Date "2023.09.19"]
[Round "10"]
[White "GoltsevDmitry2000"]
[Black "Botvinnak"]
[Result "1-0"]
[WhiteElo "2622"]
[BlackElo "2331"]
[TimeControl "180+1"]
[EndTime "15:54:00 PDT"]
[Termination "GoltsevDmitry2000 won by resignation"]

1. e4 c5 2. Nf3 g6 3. d4 Bg7 4. dxc5 Qa5+ 5. c3 Qxc5 6. Be3 Qc7 7.
Nbd2 d6 8. h3 Nf6 9. Bd3 O-O 10.
O-O Nc6 11. Re1 a6 12. Rb1 b5 13. Rc1 Bb7 14. a3 Rac8 15. c4 bxc4 16. Nxc4 Qb8 17. Nb6 Rc7 18. Qa4 Nd8 19. Rxc7 Qxc7 20. Rc1 Qb8 21.
Bxa6 Bxe4 22. Nd2 Bb7 23. Bd3 Ne6 24. Qb5 h5 25. a4 Nc7 26. Qb3 Ncd5 27. Bd4 Nxb6 28.
Bxb6 Bd5 29. Qb5 Qa8 30. f3 Rb8 31. a5 Ne8 32. b4 Bd4+ 33. Bxd4 Rxb5 34. Bxb5 e5 35. Bb6 e4 36. fxe4 Bxe4 37. Bd7 Bb7 38. Ne4 Bxe4 39. Rc8 Qd5 40. Rxe8+ Kg7 41. a6 Qd1+ 42.
Kh2 Qe2 43. Rxe4 Qxe4 44. a7 d5 45. a8=Q Qe5+ 46. Kh1 Qe1+ 47. Bg1 d4 48. Qd5 1-0

[Event "Late-Titled-Tuesday-Blitz-September-19-2023"]
[Site "Chess.com"]
[Date "2023.09.19"]
[Round "10"]
[White "AlexNovitz"]
[Black "PNEPaul"]
[Result "1-0"]
[WhiteElo "2230"]
[BlackElo "1943"]
[TimeControl "180+1"]
[EndTime "15:54:09 PDT"]
[Termination "AlexNovitz won by resignation"]

1. e4 e5 2. Nf3 Nc6 3. Bb5 f5 4.
d3 Nf6 5. Nc3 Be7 6. exf5 O-O 7.
O-O d6 8. a4 Bxf5 9. h3 a6 10.
Bxc6 bxc6 11. Re1 Qd7 12. Kh2 Rae8 13. Ne4 Nxe4 14. dxe4 Be6 15. Be3 Bf6 16. Qd3 Qf7 17.
Qxa6 Bd7 18. Qd3 Be7 19. c4 Be6 20. b3 Qg6 21. a5 Qh5 22. Ng1 Bg5 23. Ra2 Bf4+ 24.
Bxf4 exf4 25. Qf3 Qf7 26. a6 Ra8 27. a7 Qe8 28. Ne2 Qc8 29. Nd4 Bd7 30. e5 dxe5 31. Rxe5 Qb7 32. Re7 Rxa7 33. Rxa7 Qxa7 34. Rxd7 1-0

[Event "Late-Titled-Tuesday-Blitz-September-19-2023"]
[Site "Chess.com"]
[Date "2023.09.19"]
[Round "10"]
[White "Schwindle"]
[Black "talaicito"]
[Result "1-0"]
[WhiteElo "2418"]
[BlackElo "2188"]
[TimeControl "180+1"]
[EndTime "15:54:11 PDT"]
[Termination "Schwindle won on time"]

1. e4 c5 2. Nf3 d6 3. d4 cxd4 4. Nxd4 Nf6 5. Nc3 g6 6. Be3 Bg7 7. f3 O-O 8. Qd2 Nc6 9. Bc4 Bd7 10. O-O-O Rc8 11. Bb3 Nxd4 12. Bxd4 b5 13. h4 a5 14. h5 a4 15. Bxf6 exf6 16. Bd5 b4 17.
Ne2 Qb6 18. hxg6 hxg6 19. Kb1 f5 20. Nf4 Bc3 21. Qc1 Kg7 22. Nh5+ Kg8 23. Qh6 gxh5 24. Rxh5 1-0

[Event "Late-Titled-Tuesday-Blitz-September-19-2023"]
[Site "Chess.com"]
[Date "2023.09.19"]
[Round "10"]
[White "azikom"]
[Black "Road2GM3000"]
[Result "1-0"]
[WhiteElo "2621"]
[BlackElo "2490"]
[TimeControl "180+1"]
[EndTime "15:54:12 PDT"]
[Termination "azikom won by checkmate"]

1. c4 c6 2. e4 d5 3. exd5 cxd5 4.
cxd5 Nf6 5. Qa4+ Bd7 6. Qb3 Qc7 7. Nc3 g6 8. Bc4 Qb6 9. Nf3 Bg7 10. d4 O-O 11. O-O Na6 12. Re1 Rfe8 13. Bf4 Rac8 14. h3 Qxb3 15. Bxb3 Nb4 16. Rad1 a6 17. a3 a5 18. axb4 axb4 19. Ne4 Bf5 20. Nxf6+ Bxf6 21. Be5 Bc2 22. Bxc2 Bxe5 23. dxe5 Rxc2 24. b3 Rc3 25. Re3 b5 26. Rd4 Rc5 27. e6 Rd8 28. exf7+ Kxf7 29. Ng5+ Kf6 30. Nxh7+ Kf5 31. g4# 1-0

[Event "Late-Titled-Tuesday-Blitz-September-19-2023"]
[Site "Chess.com"]
[Date "2023.09.19"]
[Round "10"]
[White "simplerXiao"]
[Black "temus_galaktionov"]
[Result "0-1"]
[WhiteElo "2598"]
[BlackElo "2853"]
[TimeControl "180+1"]
[EndTime "15:54:14 PDT"]
[Termination "temus_galaktionov won by resignation"]

1. e4 c6 2. Nf3 g6 3. d4 Bg7 4. Nc3 d6 5. h3 Nd7 6. Be3 e5 7. Qd2 Ngf6 8. a4 O-O 9. Bc4 Qe7 10. O-O exd4 11. Nxd4 Nxe4 12. Nxe4 Qxe4 13. Bd3 Qd5 14. c4 Qe5 15. f4 Qe7 16. Rae1 Qd8 17. b4 a5 18. Nb3 axb4 19. Qxb4 c5 20. Qa3 Nb6 21. a5 Be6 22. Qc1 Na4 23. Be4 Qd7 24. Rf2 Nc3 25. Bf3 Bxc4 26. Nd2 Be6 27. Ne4 Nxe4 28.
Bxe4 Rxa5 29. f5 Bxf5 30. Bxf5 gxf5 31. Bh6 Ra1 32. Qxa1 Bxa1 33. Bxf8 Kxf8 34. Rxa1 b5 35. Re2 c4 36. Ra8+ Kg7 37. Kf2 d5 38. Ree8 d4 39.
Rg8+ Kf6 40. Ra6+ Ke5 41. Raa8 d3 42. Rge8+ Kf6 43. Rad8 Qa7+ 44. Kf3 Qb7+ 45. Kf4 Qc7+ 46. Kf3 b4 47. Rc8 Qb7+ 48. Ke3 Qxg2 49. Rc6+ Qxc6 0-1

[Event "Late-Titled-Tuesday-Blitz-September-19-2023"]
[Site "Chess.com"]
[Date "2023.09.19"]
[Round "10"]
[White "santosalberto1987"]
[Black "queen_iryna"]
[Result "1-0"]
[WhiteElo "2506"]
[BlackElo "2380"]
[TimeControl "180+1"]
[EndTime "15:54:14 PDT"]
[Termination "santosalberto1987 won by resignation"]

1. e4 d6 2. d4 g6 3. Nc3 Bg7 4. Be3 Nf6 5. Qd2 a6 6. Nf3 b5 7. Bh6 Bxh6 8. Qxh6 Bb7 9. e5 Nd5 10. Qg7 Rf8 11. Ng5 Nxc3 12. bxc3 Nd7 13. Nxh7 Bd5 14. a4 c6 15. f3 Qc7 16. Bd3 dxe5 17. Nxf8 Nxf8 18.
Qxe5 Qa5 19. O-O Qxc3 20. axb5 Ne6 21. Rxa6 Rxa6 22. bxa6 Nxd4 23. Qb8+ Kd7 24. a7 Nxf3+ 25. gxf3 Qd4+ 26. Kh1 Qg4 27. Qg3 Qa4 28. Qb8 Qg4 29. Be2 Qh3 30. a8=Q Bxf3+ 31. Rxf3 1-0

[Event "Late-Titled-Tuesday-Blitz-September-19-2023"]
[Site "Chess.com"]
[Date "2023.09.19"]
[Round "10"]
[White "szefru"]
[Black "ATM622"]
[Result "1-0"]
[WhiteElo "2333"]
[BlackElo "2446"]
[TimeControl "180+1"]
[EndTime "15:54:17 PDT"]
[Termination "szefru won by checkmate"]

1. e4 c6 2. d4 d5 3. exd5 cxd5 4. Bd3 Nf6 5. c3 Nc6 6. Bf4 h6 7. Nf3 g5 8. Be3 Bg7 9. Nbd2 O-O 10. O-O Bg4 11. h3 Bh5 12. Qc2 g4 13. hxg4 Nxg4 14.
Bf4 Rc8 15. a3 Nxd4 16. Nxd4 Bxd4 17. Bf5 e6 18. Bxg4 Bxg4 19. Bxh6 Qh4 20. Bxf8 Be5 21. g3 Qh3 22. Rfe1 Bd4 23. Qd3 Bb6 24. Bd6 Kg7 25. Qf1 Qh5 26. Qg2 Bh3 27. Qf3 Bg4 28. Be5+ Kh7 29.
Qf6 Rg8 30. Nf1 Bf3 31. Nh2 Be4 32. Rxe4 dxe4 33. Re1 Rd8 34. Qg7# 1-0

[Event "Late-Titled-Tuesday-Blitz-September-19-2023"]
[Site "Chess.com"]
[Date "2023.09.19"]
[Round "10"]
[White "Arimin1329"]
[Black "Inepton_Fermion"]
[Result "1-0"]
[WhiteElo "2289"]
[BlackElo "2343"]
[TimeControl "180+1"]
[EndTime "15:54:22 PDT"]
[Termination "Arimin1329 won by resignation"]

1. d4 Nf6 2. b3 e6 3. Bb2 b6 4.
Nf3 Bb7 5. Nbd2 d5 6. e3 Bd6 7.
Bd3 O-O 8. O-O c5 9. c4 cxd4 10. Nxd4 a6 11. Rc1 Nc6 12. cxd5 Nxd4 13. Bxd4 Nxd5 14.
Qh5 g6 15. Qh6 e5 16. Ba1 Re8 17. Rfd1 Bf8 18. Qh3 Qe7 19. Be4 Rad8 20. Nc4 Bg7 21. Qf3 Qe6 22. Nxb6 Qxb6 23. Bxd5 Bxd5 24. Rxd5 Rxd5 25.
Qxd5 Rd8 26. Qc4 Qd6 27. h3 h5 28. Bb2 Qd2 29. Qc2 Qd5 30. Ba3 Kh7 31. Bc5 e4 32. b4 Rc8 33. Rd1 Qf5 34. Qd2 a5 35. a3 axb4 36. axb4 Be5 37. Qd7 Qxd7 38. Rxd7 Rb8 39. Rxf7+ Kg8 40. Re7 Bc3 41. Rxe4 1-0

[Event "Late-Titled-Tuesday-Blitz-September-19-2023"]
[Site "Chess.com"]
[Date "2023.09.19"]
[Round "10"]
[White "maurovargas01"]
[Black "GMJustin"]
[Result "0-1"]
[WhiteElo "1889"]
[BlackElo "2239"]
[TimeControl "180+1"]
[EndTime "15:54:23 PDT"]
[Termination "GMJustin won on time"]

1. e4 e5 2. Nf3 Nc6 3. d4 d5 4.
exd5 Qxd5 5. Nc3 Bb4 6. dxe5 Qxd1+ 7. Kxd1 Bg4 8. Bf4 O-O-O+ 9. Kc1 Nge7 10. Ne4 Ng6 11.
Bg3 Bxf3 12. gxf3 Ngxe5 13. Bh3+ Kb8 14. a3 Be7 15. Bg2 f5 16. Nc3 Bf6 17. Re1 Nc4 18.
Nb5 Bxb2+ 19. Kb1 Be5 20. Ra2 f4 21. Bh4 Rd5 22. a4 Nb4 23. Be7 Nd2+ 24. Kc1 Nxa2+ 0-1

[Event "Late-Titled-Tuesday-Blitz-September-19-2023"]
[Site "Chess.com"]
[Date "2023.09.19"]
[Round "10"]
[White "Cipy77"]
[Black "IgorBjelobrk"]
[Result "1-0"]
[WhiteElo "2505"]
[BlackElo "2661"]
[TimeControl "180+1"]
[EndTime "15:54:33 PDT"]
[Termination "Cipy77 won by checkmate"]

1. e4 e6 2. d4 d5 3. Nd2 c5 4.
exd5 exd5 5. Ngf3 Nc6 6. Bb5 cxd4 7. O-O Bd6 8. Nxd4 Bxh2+ 9. Kh1 Bc7 10. Re1+ Kf8 11.
N2f3 Nge7 12. Bg5 f6 13. Bh4 Nxd4 14. Nxd4 Kf7 15. c4 Ng6 16. cxd5 Nxh4 17. Ne6 Bxe6 18. dxe6+ Ke7 19. Qg4 Ng6 20. Rad1 Bd6 21. Qf3 Qb6 22.
Rxd6 Kxd6 23. Qa3+ Kc7 24. Qg3+ Ne5 25. Qxg7+ Kd6 26.
Rd1+ Kc5 27. Qxf6 Kxb5 28. Qxe5+ Kc4 29. Qc3+ Kb5 30. Rd5+ Ka6 31. Qa3+ Qa5 32. Qxa5# 1-0

[Event "Late-Titled-Tuesday-Blitz-September-19-2023"]
[Site "Chess.com"]
[Date "2023.09.19"]
[Round "10"]
[White "laskakid"]
[Black "IMRosen"]
[Result "1-0"]
[WhiteElo "2315"]
[BlackElo "2534"]
[TimeControl "180+1"]
[EndTime "15:54:47 PDT"]
[Termination "laskakid won on time"]

1. d4 Nf6 2. c4 e5 3. dxe5 Ng4 4. e3 Nxe5 5. Nh3 Ng6 6. Bd3 Nc6 7. Bxg6 hxg6 8.
Nf4 Bb4+ 9. Bd2 a5 10. Nc3 d6 11. Ncd5 Bxd2+ 12. Qxd2 Ne5 13. Rc1 Bf5 14. O-O g5 15. Ne2 g4 16. f4 gxf3 17. gxf3 c6 18. Ndf4 g5 19. Ng2 Qf6 20. Ng3 Bd3 21. f4 gxf4 22.
exf4 Bxf1 23. fxe5 dxe5 24. Rxf1 Qd8 25. Qe3 Qd4 26. Qxd4 exd4 27. Nf5 O-O-O 28. Rd1 d3 29. h4 d2 30. Kf2 Rhe8 31. Nge3 Re4 32. Ke2 b5 33. Rxd2 Rxd2+ 34. Kxd2 Re5 35. h5 bxc4 36. h6 1-0

[Event "Late-Titled-Tuesday-Blitz-September-19-2023"]
[Site "Chess.com"]
[Date "2023.09.19"]
[Round "10"]
[White "CFalcons8"]
[Black "Garmendiarov"]
[Result "1-0"]
[WhiteElo "2268"]
[BlackElo "2314"]
[TimeControl "180+1"]
[EndTime "15:54:47 PDT"]
[Termination "CFalcons8 won by resignation"]

1. e4 c5 2. Nf3 d6 3. d4 cxd4 4. Nxd4 Nf6 5. Nc3 a6 6. h3 e5 7. Nf3 Be6 8. g4 h6 9. g5 hxg5 10. Nxg5 Nbd7 11. Rg1 Rc8 12. Be3 Bc4 13. Bxc4 Rxc4 14.
Qd3 Qc7 15. O-O-O Be7 16. Kb1 O-O 17. Nd5 Nxd5 18. exd5 e4 19. Qe2 Ne5 20. Qh5 Bxg5 21. Rxg5 Rxc2 22. Rxg7+ Kxg7 23. Bh6+ Kg8 24. Qg5+ Ng6 25.
Qf6 Rxb2+ 26. Qxb2 f6 27. Rg1 Kh7 28. Bxf8 Nxf8 29.
Qxf6 Qb6+ 30. Ka1 Qd4+ 31. Qxd4 1-0

[Event "Late-Titled-Tuesday-Blitz-September-19-2023"]
[Site "Chess.com"]
[Date "2023.09.19"]
[Round "10"]
[White "Bauman_Guy"]
[Black "jefferyx"]
[Result "0-1"]
[WhiteElo "2904"]
[BlackElo "3006"]
[TimeControl "180+1"]
[EndTime "15:54:48 PDT"]
[Termination "jefferyx won by resignation"]

1. e4 g6 2. d4 Bg7 3. Nc3 a6 4. a4 d6 5. Nf3 Nf6 6. Bd3 Bg4 7.
h3 Bxf3 8. Qxf3 Nc6 9. Be3 O-O 10. O-O Nd7 11. Ne2 e5 12. c3 exd4 13. cxd4 Nce5 14.
dxe5 Nxe5 15. Qg3 Nxd3 16. Bd4 Bxd4 17. Nxd4 Nc5 18. Rfe1 Re8 19. f3 Qf6 20. Red1 a5 21. Qf2 c6 22. Rd2 Ra6 23. Rad1 Rb6 24. Nf5 gxf5 25.
Rxd6 Qe5 26. f4 Qxe4 27. Qg3+ Kh8 28. Qc3+ Kg8 29. Qg3+ Kf8 30. Qg5 Qe7 31. Qxf5 Ne4 32. Qxh7 Qxd6 33. Rxd6 Nxd6 34. Qh6+ Ke7 35. f5 Rxb2 36.
Qf4 Kd7 37. h4 Ree2 38. f6 Rxg2+ 39. Kf1 Rgf2+ 40. Qxf2 Rxf2+ 41. Kxf2 Ke6 42. Ke3 Kxf6 0-1

[Event "Late-Titled-Tuesday-Blitz-September-19-2023"]
[Site "Chess.com"]
[Date "2023.09.19"]
[Round "10"]
[White "Djager97"]
[Black "Jarming"]
[Result "0-1"]
[WhiteElo "2556"]
[BlackElo "2737"]
[TimeControl "180+1"]
[EndTime "15:54:52 PDT"]
[Termination "Jarming won on time"]

1. e4 c5 2. Nf3 d6 3. d4 cxd4 4. Nxd4 Nf6 5. Nc3 g6 6. Be3 Bg7 7. f3 O-O 8. Qd2 Nc6 9. O-O-O d5 10. Nxc6 bxc6 11. Bc4 Rb8 12. Bb3 e6 13. h4 a5 14.
h5 Ba6 15. Bh6 Bxh6 16. Qxh6 Qe7 17. e5 Nd7 18. f4 Rb4 19. Rh3 Rfb8 20. Rdh1 Nf8 21.
hxg6 fxg6 22. f5 exf5 23. e6 Bc4 24. a3 R4b7 25. Bxc4 dxc4 26. Na4 Nxe6 27. Kb1 Qg7 28. Qc1 Rb5 0-1

[Event "Late-Titled-Tuesday-Blitz-September-19-2023"]
[Site "Chess.com"]
[Date "2023.09.19"]
[Round "10"]
[White "DefiantChair"]
[Black "TigrVShlyape"]
[Result "1/2-1/2"]
[WhiteElo "2616"]
[BlackElo "2951"]
[TimeControl "180+1"]
[EndTime "15:54:58 PDT"]
[Termination "Game drawn by repetition"]

1. e4 c5 2. Nf3 e6 3. d4 cxd4 4. Nxd4 a6 5. c4 b6 6. Nc3 Bb7 7. Be2 Ne7 8. O-O Ng6 9. Be3 d6 10. Qd2 Nd7 11. f4 Be7 12. f5 exf5 13. exf5 Nge5 14.
f6 Bxf6 15. Nf5 O-O 16. Nxd6 Bc6 17. Nde4 Be7 18. Nd5 Bxd5 19. Qxd5 Qc7 20. Bf4 Rad8 21. Kh1 Kh8 22. Ng3 f6 23. Nf5 Nc5 24. Bxe5 fxe5 25. Nxe7 Qxe7 26. Rxf8+ Rxf8 27. Qc6 Rf6 28. Qc8+ Rf8 29. Qc6 Rf6 30. Qc8+ Rf8 31. Qc6 1/2-1/2

[Event "Late-Titled-Tuesday-Blitz-September-19-2023"]
[Site "Chess.com"]
[Date "2023.09.19"]
[Round "10"]
[White "ural58"]
[Black "BeanScreen"]
[Result "0-1"]
[WhiteElo "2543"]
[BlackElo "2699"]
[TimeControl "180+1"]
[EndTime "15:55:00 PDT"]
[Termination "BeanScreen won on time"]

1. e4 e5 2. Nf3 Nc6 3. Bc4 Nf6 4.
Ng5 d5 5. exd5 Na5 6. Bb5+ c6 7. dxc6 bxc6 8. Bd3 Nd5 9. h4 h6 10. Qh5 Qf6 11. Ne4 Qe6 12. Nbc3 Nf4 13. Qf3 f5 14. Ng3 Nxd3+ 15. Qxd3 Bc5 16. b3 Bb7 17. Bb2 Rd8 18. Qe2 O-O 19. O-O-O Bd4 20. Rhe1 c5 21. f3 c4 22. Nf1 Ba6 23. b4 Nc6 24. b5 Bxb5 25.
Nxb5 Bxb2+ 26. Kxb2 Rb8 27. a4 a6 28. Rb1 axb5 29.
axb5 Nd4 30. Qe3 c3+ 31. Kc1 Qa2 32. Qxc3 Rfc8 33. Qb2 Rxc2+ 0-1

[Event "Late-Titled-Tuesday-Blitz-September-19-2023"]
[Site "Chess.com"]
[Date "2023.09.19"]
[Round "10"]
[White "PapaieDudu"]
[Black "karinachess1"]
[Result "0-1"]
[WhiteElo "2411"]
[BlackElo "2619"]
[TimeControl "180+1"]
[EndTime "15:55:10 PDT"]
[Termination "karinachess1 won by resignation"]

1. e4 e5 2. Nf3 Nc6 3. Bb5 Nf6 4. d3 d6 5. h3 g6 6. Be3 Bg7 7. Qc1 Bd7 8. c3 O-O 9. Bh6 a6 10. Bc4 Na5 11. Bb3 Nxb3 12. axb3 Re8 13. Bxg7 Kxg7 14. c4 Nh5 15. g3 Rf8 16. Nc3 f5 17. exf5 Bxf5 18.
Qe3 Nf6 19. g4 Bd7 20. O-O-O Bc6 21. Ng5 Qe7 22. Rhe1 h6 23. Nge4 Nxe4 24. Nxe4 Rf4 25. Nc3 Raf8 26. Rd2 Rf3 27. Qe2 Rxh3 28. d4 Bf3 29. Qf1 Rh1 30. Qxh1 Bxh1 31. Rxh1 exd4 32. Nd5 Qe4 33. Rhd1 c5 34. Rxd4 cxd4 35. Nb4 Rxf2 36. Nd3 Rg2 37. Kb1 Rxg4 38. Ka2 Qe2 0-1

[Event "Late-Titled-Tuesday-Blitz-September-19-2023"]
[Site "Chess.com"]
[Date "2023.09.19"]
[Round "10"]
[White "lluiss"]
[Black "KorolDimitriy75"]
[Result "0-1"]
[WhiteElo "2258"]
[BlackElo "2371"]
[TimeControl "180+1"]
[EndTime "15:55:10 PDT"]
[Termination "KorolDimitriy75 won on time"]

1. Nf3 c5 2. c4 g6 3. d4 cxd4 4.
Nxd4 Bg7 5. e4 Nc6 6. Be3 Nf6 7. Nc3 O-O 8. Be2 d6 9. O-O Bd7 10. f3 Nxd4 11. Bxd4 a5 12. b3 Bc6 13. Qd2 Nd7 14.
Be3 Nc5 15. Rfb1 Qb6 16. Qc2 Rfc8 17. a3 Qd8 18. b4 axb4 19. axb4 Ne6 20. Qd2 Rxa1 21.
Rxa1 Ra8 22. Rxa8 Qxa8 23. Nd5 Bxd5 24. cxd5 Qa1+ 25. Kf2 Nd4 26. Bc4 b5 27. Bf1 h5 28.
Bg5 Kf8 29. Be3 Bf6 30. g3 Kg7 31. h4 Kh7 32. Kg2 Bg7 33. Be2 e6 34. dxe6 fxe6 35. Bf1 d5 0-1

[Event "Late-Titled-Tuesday-Blitz-September-19-2023"]
[Site "Chess.com"]
[Date "2023.09.19"]
[Round "10"]
[White "TheMagician"]
[Black "davigator"]
[Result "0-1"]
[WhiteElo "2235"]
[BlackElo "2325"]
[TimeControl "180+1"]
[EndTime "15:55:14 PDT"]
[Termination "davigator won on time"]

1. d4 Nf6 2. Nf3 e6 3. Bg5 c5 4. e3 Qb6 5. Bxf6 gxf6 6. Qc1 d5 7. c3 Nc6 8. Be2 Bd7 9. O-O Bd6 10. a3 c4 11.
Nbd2 f5 12. Rb1 Na5 13. Qc2 O-O 14. g3 Kh8 15. Nh4 Rg8 16. Ng2 Rg7 17. f4 Rc8 18.
Nf3 Be8 19. Ne5 f6 20. Nf3 Qd8 21. Nfh4 Qd7 22. Kf2 Qa4 23. Qxa4 Bxa4 24. Bd1 Bxd1 25. Rfxd1 Rc6 26. Kf3 Rb6 27. h3 Nb3 28. g4 fxg4+ 29. hxg4 Na5 30. Re1 Rb3 31. e4 Bxa3 32. bxa3 Rxc3+ 33. Re3 Rb3 34. Rexb3 cxb3 35. exd5 exd5 36. Nf5 Rc7 37.
Nfe3 Rc3 38. Ke2 Nc4 39. f5 Nxa3 40. Rb2 Nc4 41. Nxd5 Rg3 42. Rb1 Rxg2+ 43. Kd3 Na5 44. Nxf6 Kg7 45. d5 Kxf6 0-1

[Event "Late-Titled-Tuesday-Blitz-September-19-2023"]
[Site "Chess.com"]
[Date "2023.09.19"]
[Round "10"]
[White "dorpato"]
[Black "Bala-Afiada"]
[Result "0-1"]
[WhiteElo "1997"]
[BlackElo "1966"]
[TimeControl "180+1"]
[EndTime "15:55:14 PDT"]
[Termination "Bala-Afiada won on time"]

1. e4 c5 2. Nc3 Nc6 3. g3 d6 4. Bg2 e6 5. d3 Nge7 6. Be3 g6 7.
Qd2 Bg7 8. Bh6 O-O 9. Bxg7 Kxg7 10. h4 h5 11. Nge2 d5 12. exd5 Nxd5 13. O-O Qa5 14.
Qg5 f6 15. Qc1 Nxc3 16. Nxc3 Nd4 17. Ne4 Ne2+ 18. Kh1 Nxc1 19. Rfxc1 Bd7 20. Nd6 Qd2 21. Kg1 Bc6 22. Nc4 Qe2 23. Re1 Qg4 24. f3 Bxf3 25. Ne3 Qxg3 26. Kf1 Bxg2+ 27. Nxg2 Qf3+ 28. Kg1 Rae8 29. Re3 Qf5 30. Rf1 Qd5 31. Nf4 Qd4 32. Re1 e5 33.
Ng2 f5 34. c3 Qd6 0-1

[Event "Late-Titled-Tuesday-Blitz-September-19-2023"]
[Site "Chess.com"]
[Date "2023.09.19"]
[Round "10"]
[White "whiteglovethief"]
[Black "HamedWafa4"]
[Result "1-0"]
[WhiteElo "2533"]
[BlackElo "2634"]
[TimeControl "180+1"]
[EndTime "15:55:19 PDT"]
[Termination "whiteglovethief won by checkmate"]

1. d4 Nf6 2. c4 e6 3. Nf3 Bb4+ 4. Bd2 Bxd2+ 5. Qxd2 O-O 6. Nc3 d5 7. e3 b6 8. Be2 dxc4 9. Bxc4 Bb7 10. O-O Nbd7 11. Qe2 c5 12. Rfd1 Qe7 13. d5 exd5 14. Nxd5 Nxd5 15. Bxd5 Bxd5 16. Rxd5 Nf6 17. Rdd1 Rfd8 18.
a4 h6 19. a5 Ne4 20. h3 Rxd1+ 21.
Rxd1 bxa5 22. Qb5 Qc7 23. Rd7 Qb6 24. Qc4 Qe6 25. Qxe6 fxe6 26. Ne5 Rb8 27. f3 Ng3 28. Rxa7 Rxb2 29. Rxa5 Rc2 30. Ra8+ Kh7 31. Rc8 Nf5 32. g4 Nxe3 33. h4 Nd5 34. h5 Nf4 35. Nd7 g5 36.
Rc7 Nd5 37. Nf6+ Kh8 38. Rh7# 1-0

[Event "Late-Titled-Tuesday-Blitz-September-19-2023"]
[Site "Chess.com"]
[Date "2023.09.19"]
[Round "10"]
[White "traack"]
[Black "WilsonPalencia21"]
[Result "1-0"]
[WhiteElo "2382"]
[BlackElo "2541"]
[TimeControl "180+1"]
[EndTime "15:55:19 PDT"]
[Termination "traack won by resignation"]

1. e4 c5 2. Nf3 d6 3. d4 cxd4 4.
Nxd4 Nf6 5. Nc3 g6 6. Be3 Bg7 7.
f3 O-O 8. Qd2 Nc6 9. Bc4 Ne5 10.
Bb3 Bd7 11. O-O-O Rc8 12. Kb1 Re8 13. h4 h5 14. Qf2 Qa5 15. Nd5 Nxd5 16. exd5 b5 17. Nc6 Nxc6 18. dxc6 Rxc6 19. Bd4 e5 20. Bxa7 Ra8 21. Be3 Be6 22. Rd5 Bxd5 23. Bxd5 b4 24. Bb3 d5 25. g4 d4 26. Bc1 hxg4 27. h5 gxh5 28. fxg4 Rf6 29. Qh4 hxg4 30. Qxg4 Qb6 31. Rg1 Rg6 32. Qxg6 Qxg6 33. Rxg6 Kf8 34. Rg1 Ra6 35.
Rf1 Bf6 36. Bd2 Kg7 37. Bxb4 e4 38. Bd5 e3 39. Bc4 Rc6 40. b3 Kg6 41. a4 Bh4 42. a5 f5 43. a6 Rc7 44. Bd3 Kg5 45.
Rxf5+ Kg4 46. Re5 Bf6 47. Re4+ Kf3 48. Bd6 Rc6 49. Rf4+ 1-0

[Event "Late-Titled-Tuesday-Blitz-September-19-2023"]
[Site "Chess.com"]
[Date "2023.09.19"]
[Round "10"]
[White "JackRodgers"]
[Black "oskariot"]
[Result "0-1"]
[WhiteElo "2529"]
[BlackElo "2736"]
[TimeControl "180+1"]
[EndTime "15:55:22 PDT"]
[Termination "oskariot won by resignation"]

1. d4 Nf6 2. Bg5 Ng8 3. e4 c6 4. c4 d6 5. Nc3 h6 6. Be3 Nd7 7. Be2 e5 8. d5 Ngf6 9. Qd2 Be7 10. g4 Nh7 11. h3 c5 12. Bf3 Bg5 13. Bd1 Nhf8 14. Ba4 Ng6 15. Bxg5 Qxg5 16. Qxg5 hxg5 17. Nge2 Ke7 18. Bxd7 Bxd7 19. Kd2 Rh4 20. f3 Rah8 21. Ng1 Nf4 22. Ke3 Nxh3 23. Nxh3 Rxh3 24. Rxh3 Rxh3 25. Rg1 Rh2 26. Ne2 g6 27. Rf1 f5 28. gxf5 gxf5 29. exf5 Bxf5 30. Ng3 Bg6 31. Rf2 Rxf2 32. Kxf2 Bb1 33. Ke3 Bxa2 34. Kd3 Bb3 35. Ne4 a6 36. Nxg5 b5 37. cxb5 axb5 38. Ke4 Bc2+ 39. Ke3 b4 40. Ne6 Kd7 41. f4 Bb3 42. Ke4 Bc2+ 43.
Ke3 c4 44. fxe5 dxe5 45. Nc5+ Kd6 46. Na6 b3 47. Nb4 c3 48. Nxc2 bxc2 49. bxc3 c1=Q+ 0-1